 Dungeon Crawl Stone Soup version 0.29.1-12-g30fa7ad0bf (webtiles) character file.

Game seed: 7105868636449137579

75 BigDaddyOpFi the Conjurer (level 4, -5/27 HPs)
             Began as an Octopode Conjurer on Jan 12, 2023.
             Blown up by Ijyb (18 damage)
             ... with a mindburst bolt
             ... on level 3 of the Dungeon.
             The game lasted 00:03:16 (2329 turns).

BigDaddyOpFi the Conjurer (Octopode Conjurer)       Turns: 2329, Time: 00:03:16

Health: -5/27      AC:  1    Str:  6    XL:     4   Next: 31%
Magic:  0/7        EV: 13    Int: 22    God:
Gold:   101        SH:  0    Dex: 10    Spells: 4/7 levels left

rFire   . . .      SeeInvis .   d - +0 short sword (vamp)
rCold   . . .      Faith    .   (no shield)
rNeg    . . .      Spirit   .   (helmet restricted)
rPois   .          Reflect  .   (no amulet)
rElec   .          Harm     .   (no ring)
rCorr   .          Rampage  .   (no ring)
Will    .....                   (no ring)
Stlth   +++.......              (no ring)
HPRegen 0.09/turn               (no ring)
MPRegen 0.10/turn               (no ring)
                                (no ring)
                                (no ring)

@: no status effects
A: almost no armour, amphibious, 8 rings, camouflage 1, gelatinous body 1,
(nimble swimmer 1), tentacles
a: no special abilities


You were on level 3 of the Dungeon.
You visited 1 branch of the dungeon, and saw 3 of its levels.

You collected 101 gold pieces.

Inventory:

Hand Weapons
 d - a +0 vampiric short sword (weapon)
Wands
 a - a wand of polymorph (6)
Scrolls
 n - a scroll of summoning
 p - a scroll of poison
 r - a scroll of fear
Potions
 b - a potion of haste
 c - a potion of berserk rage {unknown}
 e - a potion of heal wounds {unknown}
 h - a potion of might {unknown}
 j - a potion of brilliance {unknown}
 l - a potion of flight {unknown}


   Skills:
 - Level 2.1 Dodging
 - Level 3.1 Stealth
 - Level 2.2 Spellcasting
 + Level 5.3 Conjurations


You had 4 spell levels left.
You knew the following spells:

 Your Spells              Type           Power      Damage    Failure   Level
a - Magic Dart            Conj           100%       1d8       1%          1
b - Searing Ray           Conj           50%        2d6       2%          2

Your spell library contained the following spells:

 Spells                   Type           Power      Damage    Failure   Level
 Dazzling Flash           Conj/Hex       28%        N/A       14%         3
 Fulminant Prism          Conj/Hex       7%         3d7       41%         4
 Iskenderun's Mystic Bla  Conj/Tloc      14%        2d5       41%         4


Dungeon Overview and Level Annotations

Branches:
Dungeon (3/15)

Altars:

Annotations:
D:3 Ijyb


Innate Abilities, Weirdness & Mutations

You cannot wear most types of armour.
You are amphibious.
You can wear up to eight rings at the same time.
Your skin changes colour to match your surroundings (Stealth+).
Your rubbery body absorbs attacks. (AC +1, EV +1)
((You are camouflaged when in or above water. (Stealth+)))
You have tentacles for arms and can constrict up to eight enemies at once.


Message History

A frilled lizard is nearby!
The magic dart hits the frilled lizard!
You kill the frilled lizard!
You can't see any susceptible monsters within range! (Use Z to cast anyway.)
You can't see any susceptible monsters within range! (Use Z to cast anyway.) Magic restored.
Ijyb the Twisted Goblin comes into view.
She is wielding a +0 club, wearing a +0 leather armour of cold resistance and carrying a wand of mindburst (18).
Ijyb shouts!
Ijyb is nearby!
Ijyb is nearby!
The magic dart hits Ijyb.
Ijyb is moderately wounded.
The magic dart hits Ijyb but does no damage.
Ijyb is moderately wounded.
The magic dart hits Ijyb but does no damage.
Ijyb is moderately wounded.
The magic dart hits Ijyb but does no damage.
Ijyb is moderately wounded.
Ijyb zaps a wand.
Your mind is blasted!
The magic dart hits Ijyb!
Ijyb is heavily wounded.
Casting: Magic Dart (safe; 1% risk of failure)
Confirm with . or Enter, or press ? or * to list all spells.
Aiming: Searing Ray (safe; 2% risk of failure)
Press: ? - help, Shift-Dir - straight line, f/p - Ijyb
Aim: Ijyb, wielding a +0 club, wearing a +0 leather armour of cold resistance and carrying a wand of mindburst (17) (heavily wounded, 74% to hit)
The searing ray misses Ijyb. (Press . to maintain the ray.)
You closely miss Ijyb. Your grab misses Ijyb. Your squeeze misses Ijyb.
Ijyb is heavily wounded.
Ijyb hits you with a +0 club.
You hit Ijyb but do no damage. You grab Ijyb.
You squeeze Ijyb, but do no damage.
Ijyb is heavily wounded.
You constrict Ijyb, but do no damage. Ijyb misses you.
You hit Ijyb.
You feel better.
Your squeeze misses Ijyb.
Ijyb is severely wounded.
You constrict Ijyb, but do no damage.
Ijyb zaps a wand.
Your mind is blasted!
Ouch! That really hurt!
You die...

.. .# .# .# .#
.#
#.##########.##
##..........@..#
.........####g.#
########.####..#
#..<....#
#######.# .# .#
..


You could see Ijyb.

Vanquished Creatures
  Robin (D:2)
  2 adders (D:2)
  2 worms (D:2)
  2 dart slugs
  2 endoplasms
  A giant cockroach (D:2)
  7 goblins (D:2)
  3 hobgoblins
  2 kobolds (D:1)
  A quokka (D:1)
  4 ball pythons
  4 bats
  A frilled lizard (D:3)
  2 rats (D:1)
34 creatures vanquished.

Vanquished Creatures (collateral kills)
  A bat (D:1)
1 creature vanquished.

Grand Total: 35 creatures vanquished

Notes
Turn   | Place    | Note
-------+----------+-------------------------------------------
     0 | D:1      | BigDaddyOpFi the Octopode Conjurer began the quest for the
                  | Orb.
     0 | D:1      | Reached XP level 1. HP: 11/11 MP: 3/3
   242 | D:1      | Reached XP level 2. HP: 17/17 MP: 5/5
   337 | D:1      | Learned a level 2 spell: Searing Ray
   519 | D:1      | Found a faded altar of an unknown god.
   519 | D:1      | Noticed a rust devil
  1010 | D:2      | Reached XP level 3. HP: 21/21 MP: 3/6
  1837 | D:2      | Noticed Robin
  1838 | D:2      | Reached skill level 5 in Conjurations
  1901 | D:2      | Killed Robin
  1902 | D:2      | Reached XP level 4. HP: 22/27 MP: 2/7
  2320 | D:3      | Noticed Ijyb
  2329 | D:3      | Blown up by Ijyb

Illustrated notes

Levels and vault maps discovered:
D:1:      lightli_arrival_maybe_door_vault, layout_basic,
          dreamdust_ecumenical_altar_sealed_demon,
          amcnicky_mini_corridor_feature
D:2:      layout_loops_ring, uniq_robin
D:3:      layout_loops_ring, gammafunk_temple_overflow_wave, uniq_ijyb

Skill      XL: |  1  2  3 |
---------------+----------+-----
Stealth        | 3 |  3.1
Conjurations   | 5 |  5.3
Dodging        | |  2.1
Spellcasting   | |  2.2

Action                   |  1- 3 |  4- 6 || total
-------------------------+-------+-------++-------
Melee: Unarmed           |    17 |       ||    17
       Constrict         |     4 |     1 ||     5
       Short sword       |     3 |     4 ||     7
       Tentacles         |     2 |     1 ||     3
 Cast: Magic Dart        |    62 |    11 ||    73
       Searing Ray       |     2 |     1 ||     3
  Use: Scroll            |    11 |       ||    11
       Potion            |     1 |       ||     1
Armor: Skin              |     5 |     1 ||     6
Dodge: Dodged            |    20 |     3 ||    23
